 Dungeon Crawl Stone Soup version 0.21-a0-72-gbbb65ab (webtiles) character file.

74 grindst0ne the Shield-Bearer (level 4, 0/37 HPs)
             Began as a Formicid Fighter on June 20, 2017.
             Slain by a gnoll
             ... wielding a +0 spear
              (1 damage)
             ... on level 3 of the Dungeon.
             The game lasted 00:03:06 (1481 turns).

grindst0ne the Shield-Bearer (Formicid Fighter)     Turns: 1481, Time: 00:03:06

Health: 0/37       AC:  7    Str: 21    XL:     4   Next: 52%
Magic:  4/4        EV:  8    Int:  7    God:
Gold:   87         SH: 10    Dex: 11    Spells: 3/3 levels left

rFire    . . .     SeeInvis +   a - +0 war axe
rCold    . . .     Gourm    .   c - +0 shield
rNeg     . . .     Faith    .   b - +0 scale mail
rPois    .         Spirit   .   (helmet unavailable)
rElec    .         Reflect  .   (no cloak)
rCorr    .         Harm     .   (no gloves)
MR       .....                  (no boots)
Stlth    ..........             (no amulet)
HPRegen  0.12/turn              k - ring of flight
MPRegen  0.09/turn              (no ring)

@: no status effects
A: permanent stasis, dig shafts and tunnels, four strong arms, antennae 3
a: Dig, Shaft Self, Evoke Flight


You were on level 3 of the Dungeon.
You were not hungry.

You visited 1 branch of the dungeon, and saw 3 of its levels.

You collected 87 gold pieces.

Inventory:

Hand Weapons
 a - a +0 war axe (weapon)
Armour
 b - a +0 scale mail (worn)
 c - a +0 shield (worn)
Jewellery
 k - a ring of flight (left hand)
Scrolls
 g - a scroll of fear {unknown}
 h - 3 scrolls of enchant weapon {unknown}
 j - a scroll of identify {unknown}
 l - a scroll of immolation {unknown}
 m - a scroll of remove curse {unknown}
 o - a scroll of blinking {unknown}
 r - 2 scrolls of magic mapping {unknown}
Potions
 d - a potion of might
 e - a potion of magic {unknown}
 p - a potion of lignification {unknown}
Books
 n - a book of Summonings

   Spells                             Type                      Level
   a - Recall                         Summoning/Translocation      3
   b - Aura of Abjuration             Summoning                    5
   c - Summon Demon                   Summoning                    5
   d - Summon Forest                  Summoning/Translocation      5
   e - Summon Mana Viper              Hexes/Summoning              5
   f - Shadow Creatures               Summoning                    6
Comestibles
 f - a bread ration
 i - 3 chunks of flesh
 q - a royal jelly


   Skills:
 + Level 4.1 Fighting
 - Level 2.0 Axes
 + Level 4.0 Armour
 + Level 4.6 Shields


You had 3 spell levels left.
You didn't know any spells.

Dungeon Overview and Level Annotations

Branches:
Dungeon (3/15)

Altars:
Fedhas


Innate Abilities, Weirdness & Mutations

You cannot be hasted, slowed, berserked, paralysed or teleported.
You can dig through walls and to a lower floor.
Your four strong arms can wield two-handed weapons with a shield.
You have a pair of large antennae on your head. (SInv)


Message History

The gnoll hits you but does no damage.
You closely miss the gnoll.
The gnoll is heavily wounded.
The gnoll hits you but does no damage. x2
You hit the gnoll.
The gnoll is severely wounded.
The gnoll hits you with a spear.
* * * LOW HITPOINT WARNING * * *
You hit the gnoll.
The gnoll is almost dead.
The gnoll hits you with a spear.
* * * LOW HITPOINT WARNING * * *
You block the gnoll's attack.
Your shield and scale mail prevent you from hitting the gnoll.
The gnoll is almost dead.
You block the gnoll's attack.
You barely miss the gnoll.
The gnoll is almost dead.
The gnoll hits you with a spear.
You die...

#... .. #... #.# #.#.#.
#... .. #.... ###...
#.####.#.# ..... .(. ....#
#... #.# #...# {
####...#####.###...# #.
≈.....).g@.≈..##...#...
≈..≈.≈≈.....#.##...#.#.###
.≈≈≈≈≈≈≈≈≈................
≈≈≈≈≈≈≈≈≈≈≈.#..#..........
≈≈≈≈≈≈≈≈≈≈...#.#..........
.≈≈≈.$.≈≈≈≈..#.....###.###
.≈≈≈≈_≈≈≈≈≈..##........###
.≈≈≈≈..≈≈≈≈..##...........
≈≈≈≈≈≈≈≈.≈.##..#####.###


You could see a gnoll.

Vanquished Creatures
  2 gnolls (D:3)
  An adder (D:3)
  A worm (D:2)
  2 dart slugs
  2 leopard geckos
  4 giant cockroaches
  5 goblins
  3 hobgoblins
  3 kobolds
  4 bats
  4 frilled lizards
  5 rats
36 creatures vanquished.

Notes
Turn   | Place    | Note
-------+----------+-------------------------------------------
     0 | D:1      | grindst0ne the Formicid Fighter began the quest for the Orb.
     0 | D:1      | Reached XP level 1. HP: 18/18 MP: 1/1
   195 | D:1      | Reached XP level 2. HP: 23/24 MP: 2/2
   806 | D:2      | Reached XP level 3. HP: 29/29 MP: 3/3
   935 | D:2      | Found a blossoming altar of Fedhas.
  1449 | D:3      | Found a faded altar of an unknown god.
  1456 | D:3      | Reached XP level 4. HP: 36/37 MP: 4/4
  1479 | D:3      | HP: 1/37 [gnoll/spear (1)]
  1481 | D:3      | Slain by a gnoll

Vault maps used:
D:1:      minmay_arrival_plants_in_alcoves
D:2:      fedhas_altar_3
D:3:      chequers_ecumenical_altar_island

Skill      XL: |  1  2  3  4 |
---------------+-------------+-----
Shields        | 4 |  4.6
Fighting       | 4 |  4.1
Armour         | 4 |  4.0
Axes           | |  2.0

Action                   |  1- 3 |  4- 6 || total
-------------------------+-------+-------++-------
Melee: War axe           |   121 |    21 ||   142
 Abil: Dig               |     1 |       ||     1
  Eat: Chunk             |     2 |       ||     2
Armor: Scale mail        |    50 |    11 ||    61
Dodge: Dodged            |    38 |    10 ||    48
Block: Shield            |    70 |    18 ||    88
